 Dungeon Sprint DCSS version 0.18-a0-1164-g7046a04 (webtiles) character file.

106 Kidiri the Conjurer (level 4, -3/26 HPs)
             Began as a Deep Elf Conjurer on Jan 25, 2016.
             Was a Priest of Vehumet.
             Slain by a warg (7 damage)
             ... in the Dungeon (Sprint VII: "The Pits").
             The game lasted 00:04:38 (826 turns).

Kidiri the Conjurer (Deep Elf Conjurer)              Turns: 826, Time: 00:04:38

Health: -3/26      AC:  2    Str:  5    XL:     4   Next: 55%
Magic:  0/14       EV: 14    Int: 21    God:    Vehumet [***...]
Gold:   0          SH:  0    Dex: 15    Spells: 4 memorised, 6 levels left

rFire  . . .     SeeInvis .     p - staff of energy
rCold  . . .     Gourm    .     a - +0 robe
rNeg   . . .     Faith    .     (no shield)
rPois  .         Spirit   .     (no helmet)
rElec  .         Dismiss  .     (no cloak)
rCorr  .         Reflect  .     (no gloves)
SustAt .         Harm     .     (no boots)
MR     .....     NoTele   +     (no amulet)
Stlth  +++.......               (no ring)
                                (no ring)

@: not resistant to hostile enchantments, fairly stealthy
A: no striking features
a: Renounce Religion


You were in the Dungeon.
You worshipped Vehumet.
Vehumet was most pleased with you.
You were not hungry.

You visited 1 branch

Inventory:

Armour
 a - a +0 robe (worn)
Magical Staves
 p - an uncursed staff of energy (weapon)
Scrolls
 i - a scroll of blinking
 m - 3 scrolls of remove curse
 n - 5 scrolls of amnesia
 o - a scroll of summoning
Potions
 d - 6 potions of curing
 e - 6 potions of heal wounds
 f - a potion of haste
 g - 4 potions of magic
 h - 3 potions of berserk rage
 l - 2 potions of invisibility
Books
 b - a book of Conjurations

   Spells                             Type                      Level
   a - Magic Dart                     Conjuration                  1
   b - Searing Ray                    Conjuration                  2
   c - Dazzling Spray                 Conjuration/Hexes            3
   d - Fulminant Prism                Conjuration/Hexes            4
   e - Iskenderun's Mystic Blast      Conjuration                  4
   f - Iskenderun's Battlesphere      Conjuration/Charms           5
Comestibles
 c - 8 bread rations
 j - 40 fruits
 k - 7 meat rations
 q - 3 chunks of flesh


   Skills:
 + Level 2.0 Fighting
 + Level 2.2 Staves
 * Level 1.6 Armour
 + Level 4.7 Dodging
 + Level 4.2 Stealth
 * Level 6.2 Spellcasting
 * Level 6.4 Conjurations
 + Level 2.3 Hexes
 + Level 1.2 Earth Magic


You had 6 spell levels left.
You knew the following spells:

 Your Spells              Type           Power        Failure   Level  Hunger
a - Magic Dart            Conj           ####         1%          1    None
b - Searing Ray           Conj           ####..       1%          2    None
c - Dazzling Spray        Conj/Hex       ###.....     1%          3    None
d - Stone Arrow           Conj/Erth      ###...       2%          3    None


Dungeon Overview and Level Annotations

Branches:
Dungeon (1/1)

Altars:
Ashenzari
Cheibriados
Dithmenos
Elyvilon
Fedhas
Gozag
Kikubaaqudgha
Makhleb
Nemelex Xobeh
Okawaru
Pakellas
Qazlal
Ru
Sif Muna
Trog
Vehumet
Xom
Yredelemnul
Zin
The Shining One
Beogh
Jiyva
Lugonu


Message History

Aiming: Magic Dart
Press: ? - help, Shift-Dir - straight line, f/p - warg
Aim: a warg (heavily wounded)
The magic dart hits the warg.
The warg is heavily wounded.
The warg closely misses you.
You hit the warg.
The warg is severely wounded.
The warg barely misses you. The warg bites you!
* * * LOW HITPOINT WARNING * * *
Unknown command.
Casting: Magic Dart
Confirm with . or Enter, or press ? or * to list all spells.
Aiming: Magic Dart
Press: ? - help, Shift-Dir - straight line, f/p - warg
Aim: a warg (severely wounded)
The magic dart hits the warg.
The warg is severely wounded.
The warg bites you!
You die...

############
#__________#
#__________#
#_#####+##############
#_#)))+.+..##.........
#_#)))#.#?(##......#..
#######+#####.........
#...h@.....)+.........
#'#####+#####......#..
#.#.....#[[##.........
#.#.....#))#####+#####
#.###+###))##.......#
#.#...).#))##.......#
#)#..)..#..##.......#
#.####+##+###...<...#
#.#........##.......#


You could see a warg.

Vanquished Creatures
  A gnoll shaman (D)
  4 gnolls (D)
  An adder (D)
  A river rat (D)
  A giant eyeball (D)
  An ooze (D)
  A worm (D)
  A giant cockroach (D)
  2 hobgoblins (D)
  2 giant newts (D)
15 creatures vanquished.

Notes
Turn   | Place    | Note
--------------------------------------------------------------
     0 | D        | Kidiri the Deep Elf Conjurer began the quest for the Orb.
     0 | D        | Reached XP level 1. HP: 10/10 MP: 6/6
    54 | D        | Found a sacrificial altar of Ru.
    54 | D        | Found a basalt altar of Yredelemnul.
    54 | D        | Found a shadowy altar of Dithmenos.
    54 | D        | Found a deep blue altar of Sif Muna.
    54 | D        | Found a burning altar of Makhleb.
    54 | D        | Found a shimmering altar of Xom.
    54 | D        | Found an ancient bone altar of Kikubaaqudgha.
    54 | D        | Found a sparkling altar of Nemelex Xobeh.
    55 | D        | Found a glowing golden altar of the Shining One.
    55 | D        | Found a bloodstained altar of Trog.
    55 | D        | Found a shattered altar of Ashenzari.
    55 | D        | Found a white marble altar of Elyvilon.
    55 | D        | Found a snail-covered altar of Cheibriados.
    55 | D        | Found a blossoming altar of Fedhas.
    55 | D        | Found a radiant altar of Vehumet.
    55 | D        | Found a glowing silver altar of Zin.
    55 | D        | Found a corrupted altar of Lugonu.
    55 | D        | Found a viscous altar of Jiyva.
    55 | D        | Found a roughly hewn altar of Beogh.
    55 | D        | Found an iron altar of Okawaru.
    56 | D        | Found an oddly glowing altar of Pakellas.
    61 | D        | Found a stormy altar of Qazlal.
    62 | D        | Found an opulent altar of Gozag.
    64 | D        | Became a worshipper of Vehumet
    83 | D        | Reached skill level 5 in Conjurations
    83 | D        | Reached XP level 2. HP: 14/16 MP: 3/9
    87 | D        | Learned a level 2 spell: Searing Ray
   147 | D        | Reached * piety under Vehumet
   147 | D        | Offered knowledge of Sandblast by Vehumet.
   147 | D        | Reached skill level 1 in Fighting
   147 | D        | Reached skill level 1 in Staves
   340 | D        | Offered knowledge of Sting by Vehumet.
   340 | D        | Reached ** piety under Vehumet
   340 | D        | Reached skill level 5 in Spellcasting
   340 | D        | Reached XP level 3. HP: 20/20 MP: 3/11
   345 | D        | Learned a level 3 spell: Dazzling Spray
   580 | D        | Offered knowledge of Stone Arrow by Vehumet.
   580 | D        | Reached skill level 1 in Hexes
   590 | D        | Learned a level 3 spell: Stone Arrow
   758 | D        | Reached *** piety under Vehumet
   758 | D        | Reached skill level 1 in Armour
   758 | D        | Reached skill level 6 in Conjurations
   758 | D        | Reached XP level 4. HP: 24/26 MP: 6/13
   764 | D        | Offered knowledge of Static Discharge by Vehumet.
   764 | D        | Reached skill level 1 in Earth Magic
   810 | D        | Noticed a warg
   826 | D        | Slain by a warg

Vault maps used:
D:        pitsprint

Action                   |  1- 3 |  4- 6 || total
-------------------------+-------+-------++-------
Melee: Staff             |     1 |     9 ||    10
 Cast: Magic Dart        |    18 |     8 ||    26
       Searing Ray       |     4 |       ||     4
       Dazzling Spray    |       |     4 ||     4
